 Dungeon Crawl Stone Soup version 0.18.1-48-g4cf74bf (webtiles) character file.

4901 Jerry the Carver (level 10, -1/73 HPs)
             Began as a Demigod Gladiator on Aug 6, 2016.
             Slain by a yak (8 damage)
             ... on level 10 of the Dungeon.
             The game lasted 00:45:07 (9874 turns).

Jerry the Carver (Demigod Gladiator)                Turns: 9874, Time: 00:45:08

Health: -1/73      AC: 12    Str: 18    XL:     10   Next: 6%
Magic:  25/25      EV: 13    Int: 23    God:
Gold:   561        SH:  0    Dex: 16    Spells: 2 memorised, 10 levels left

rFire  + . .     SeeInvis +     R - +6 scimitar "Vesus" {flame, MP+9 Int+5 Stlth+}
rCold  . . .     Gourm    .     B - +2 leather armour {rF+}
rNeg   . . .     Faith    .     (no shield)
rPois  .         Spirit   .     t - +2 helmet
rElec  .         Dismiss  .     F - +0 cloak
rCorr  .         Reflect  .     (no gloves)
SustAt +         Harm     .     v - +0 pair of boots
MR     +....                    (no amulet)
Stlth  ++........               o - +4 ring of slaying
                                g - +3 ring of slaying

@: somewhat resistant to hostile enchantments, unstealthy
A: see invisible, high mp 1, sustain attributes
a: no special abilities


You were on level 10 of the Dungeon.
You were not hungry.

You visited 1 branch of the dungeon, and saw 10 of its levels.

You collected 561 gold pieces.

Inventory:

Hand Weapons
 R - the +6 scimitar "Vesus" (weapon) {flame, MP+9 Int+5 Stlth+}
   (You found it on level 8 of the Dungeon)

   It has been specially enchanted to burn those struck by it, causing extra
   injury to most foes and up to half again as much damage against particularly
   susceptible opponents.
   Big, fiery blades are also staple armaments of hydra-hunters.
   It affects your intelligence (+5).
   It affects your magic capacity (+9).
   It makes you more stealthy.
Missiles
 d - 2 throwing nets (quivered)
 i - 5 tomahawks
 D - an exploding tomahawk
Armour
 b - a +2 robe of cold resistance
 t - a +2 helmet (worn)
 v - a +0 pair of boots (worn)
 B - a +2 leather armour of fire resistance (worn)
 F - a +0 cloak (worn)
Magical Staves
 e - an uncursed staff of fire
Jewellery
 g - a +3 ring of slaying (left hand)
 o - a +4 ring of slaying (right hand)
 p - an uncursed ring of ice
 q - an uncursed ring of positive energy {unknown}
 r - an uncursed ring of stealth
 J - a cursed amulet of inaccuracy {unknown}
Wands
 u - a wand of slowing (17/48)
 H - a wand of disintegration (13/24)
 I - a wand of polymorph (8/24)
 L - a wand of random effects (12/48)
 M - a wand of confusion (22/48)
Scrolls
 j - a scroll of enchant armour {unknown}
 k - a scroll of magic mapping {unknown}
 l - a scroll of noise {unknown}
 n - 5 scrolls of recharging {unknown}
 w - a scroll of random uselessness {unknown}
 x - 2 scrolls of enchant weapon {unknown}
 y - 6 scrolls of remove curse {unknown}
 A - a scroll of fear {unknown}
 C - 2 scrolls of teleportation {unknown}
 K - a scroll of fog {unknown}
Potions
 c - a potion of flight {unknown}
 h - 2 potions of curing
 m - a potion of magic
 E - 2 potions of resistance {unknown}
 G - 2 potions of brilliance
 N - a potion of mutation
 Q - a potion of agility
Books
 P - a book of Debilitation

   Spells                             Type                      Level
   a - Corona                         Hexes                        1
   b - Slow                           Hexes                        2
   c - Gell's Gravitas                Hexes/Translocation          3
   d - Inner Flame                    Hexes/Fire                   3
   e - Cause Fear                     Hexes                        4
   f - Leda's Liquefaction            Hexes/Earth                  4
Comestibles
 a - 3 chunks of flesh
 f - 6 bread rations
 s - a slice of pizza
 z - 4 meat rations
 O - 10 royal jellies


   Skills:
 - Level 1.7 Fighting
 + Level 10.2 Long Blades
 - Level 1.7 Throwing
 - Level 8.8 Armour
 - Level 2.6 Dodging
 - Level 2.0 Spellcasting
 - Level 3.2 Hexes


You had 10 spell levels left.
You knew the following spells:

 Your Spells              Type           Power        Failure   Level  Hunger
a - Corona                Hex            ###....      4%          1    #......
b - Slow                  Hex            ###.....     8%          2    ##.....


Dungeon Overview and Level Annotations

Branches:
Dungeon (10/15)            Temple (0/1) D:6
   Lair: D:8-11         Orc: D:9-12

Annotations:
D:5 loom's ghost, novice GrBe
D:10 mishamorgan's ghost, novice HEWz


Innate Abilities, Weirdness & Mutations

You have an increased reservoir of magic (+10% MP).
Your attributes are resistant to harm.
You have supernaturally acute eyesight.


Message History

You slash the yak! You burn the yak.
You kill the yak!
The yak closely misses you.
You slice the yak!! You burn the yak.
The yak is severely wounded.
You closely miss the yak.
The yak is severely wounded.
The yak gores you.
* * * LOW HITPOINT WARNING * * *
You hit the yak. You burn the yak.
The yak is almost dead.
The yak closely misses you.
You hit the yak but do no damage.
The yak is almost dead.
The yak gores you!
* * * LOW HITPOINT WARNING * * *
Your leather armour prevents you from hitting the yak.
The yak is almost dead.
The yak gores you!
You die...

#######
#.....#
#.....#
#.....#
#.....#
#.@...#
#Y††..#
.......#
###.....#
###.###
.# .. ##


You could see a yak.

Vanquished Creatures
  The ghost of chfi the Grappler, a novice TrBe of Trog (D:6)
  Joseph (D:9)
  3 yaks (D:10)
  A wyvern (D:7)
  A hippogriff (D:8)
  Menkaure (D:4)
  2 ice beasts
  Duvessa (D:4)
  An orc warrior (D:9)
  3 sky beasts
  A phantom (D:7)
  2 black bears
  A wasp (D:9)
  4 ogres
  4 centaurs
  2 giant frogs
  A water moccasin skeleton (D:8)
  Dowan (D:4)
  3 scorpions
  A howler monkey (D:5)
  4 crimson imps
  5 jellies
  A giant frog skeleton (D:7)
  A centaur zombie (D:6)
  4 orc priests
  5 hounds
  4 orc wizards
  Terence (D:3)
  Jessica (D:3)
  3 iguanas
  5 worker ants
  2 hound zombies
  A hound skeleton (D:5)
  Robin (D:1)
  7 gnolls
  6 adders
  A shadow imp (D:5)
  5 oozes (D:8)
  An adder skeleton (D:5)
  3 worms
  2 dart slugs (D:1)
  8 giant geckos
  40 orcs
  14 giant cockroaches
  20 goblins
  7 hobgoblins
  14 jackals
  4 quokkas
  6 bats
  A giant gecko skeleton (D:4)
  6 giant newts
  6 kobolds
  12 rats
  2 plants (D:1)
238 creatures vanquished.

Notes
Turn   | Place    | Note
--------------------------------------------------------------
     0 | D:1      | Jerry the Demigod Gladiator began the quest for the Orb.
     0 | D:1      | Reached XP level 1. HP: 17/17 MP: 3/3
    87 | D:1      | Reached skill level 1 in Armour
   113 | D:1      | Reached skill level 3 in Long Blades
   116 | D:1      | Reached XP level 2. HP: 16/24 MP: 4/4
   763 | D:1      | Reached XP level 3. HP: 29/29 MP: 5/5
  1170 | D:2      | Noticed Robin
  1196 | D:1      | Killed Robin
  1335 | D:2      | Found an oddly glowing altar of Pakellas.
  1461 | D:2      | Reached XP level 4. HP: 36/36 MP: 6/6
  2013 | D:3      | Noticed Jessica
  2058 | D:3      | Reached skill level 4 in Long Blades
  2136 | D:3      | Killed Jessica
  2142 | D:3      | Reached XP level 5. HP: 41/41 MP: 7/7
  2522 | D:3      | Noticed Terence
  2531 | D:3      | Killed Terence
  2898 | D:4      | Reached XP level 6. HP: 48/48 MP: 8/8
  2990 | D:4      | Noticed Menkaure
  3010 | D:4      | Killed Menkaure
  3010 | D:4      | Reached skill level 5 in Long Blades
  3362 | D:4      | Noticed Duvessa
  3362 | D:4      | Noticed Dowan
  3364 | D:4      | Killed Dowan
  3379 | D:4      | Killed Duvessa
  3379 | D:4      | Reached skill level 5 in Armour
  3379 | D:4      | Reached XP level 7. HP: 35/53 MP: 9/9
  3382 | D:4      | Gained mutation: You are somewhat resistant to further mutation. [potion of beneficial mutation]
  3383 | D:4      | Lost mutation: You are somewhat resistant to further mutation. [potion of cure mutation]
  3712 | D:5      | Entered Level 5 of the Dungeon
  3724 | D:5      | Reached skill level 6 in Long Blades
  3889 | D:5      | Noticed loom's ghost (novice GrBe)
  4510 | D:6      | Noticed chfi's ghost (novice TrBe)
  4808 | D:6      | Killed chfi's ghost
  4808 | D:6      | Reached skill level 7 in Long Blades
  4808 | D:6      | Reached XP level 8. HP: 12/60 MP: 10/10
  5160 | D:6      | Got a crystal hand axe {chop}
  5289 | D:6      | Found a staircase to the Ecumenical Temple.
  5311 | D:6      | Found an opulent altar of Gozag.
  5705 | D:6      | Found an iron altar of Okawaru.
  6057 | D:7      | Reached skill level 8 in Long Blades
  6365 | D:7      | Gained mutation: You are agile. (Dex +2) [mutagenic meat]
  6366 | D:7      | Gained mutation: You have supernaturally acute eyesight. [mutagenic meat]
  6367 | D:7      | Gained mutation: You are partially covered in rough black scales (AC +4, Dex -1). [mutagenic meat]
  6368 | D:7      | Gained mutation: Armour fits poorly on your strangely shaped body. [mutagenic meat]
  6369 | D:7      | Lost mutation: You are agile. (Dex +2) [mutagenic meat]
  7248 | D:7      | Reached XP level 9. HP: 60/67 MP: 11/11
  7251 | D:7      | Learned a level 1 spell: Corona
  7316 | D:7      | Reached skill level 1 in Hexes
  7548 | D:7      | Reached skill level 1 in Spellcasting
  8013 | D:8      | Gained mutation: You tend to lose your temper in combat. [mutagenic meat]
  8014 | D:8      | Gained mutation: You have a pair of small antennae on your head. [mutagenic meat]
  8015 | D:8      | Lost mutation: You are partially covered in rough black scales (AC +4, Dex -1). [potion of cure mutation]
  8015 | D:8      | Lost mutation: Armour fits poorly on your strangely shaped body. [potion of cure mutation]
  8015 | D:8      | Lost mutation: You tend to lose your temper in combat. [potion of cure mutation]
  8015 | D:8      | Lost mutation: You have a pair of small antennae on your head. [potion of cure mutation]
  8395 | D:8      | Got an ichor-stained scimitar
  8396 | D:8      | Identified the +6 scimitar "Vesus" {flame, MP+9 Int+5 Stlth+} (You found it on level 8 of the Dungeon)
  8462 | D:8      | Reached skill level 9 in Long Blades
  8729 | D:8      | Found a sacrificial altar of Ru.
  8824 | D:9      | Noticed Joseph
  8849 | D:9      | Killed Joseph
  8856 | D:9      | Learned a level 2 spell: Slow
  9058 | D:9      | Found a sacrificial altar of Ru.
  9237 | D:9      | Found a sparkling altar of Nemelex Xobeh.
  9237 | D:9      | Found a bloodstained altar of Trog.
  9238 | D:9      | Found a white marble altar of Elyvilon.
  9698 | D:9      | Found an ancient bone altar of Kikubaaqudgha.
  9698 | D:9      | Found a burning altar of Makhleb.
  9795 | D:10     | Entered Level 10 of the Dungeon
  9805 | D:10     | Noticed mishamorgan's ghost (novice HEWz)
  9858 | D:10     | Reached skill level 10 in Long Blades
  9858 | D:10     | Reached XP level 10. HP: 73/73 MP: 16/16
  9874 | D:10     | Slain by a yak

Skill      XL: |  1  2  3  4  5  6  7  8  9 |
---------------+----------------------------+-----
Armour         | 1 2 3 4 5 6 8 |  8.8
Long Blades    | 3 4 5 7 8 10 | 10.2
Hexes          | 3 |  3.2
Spellcasting   | 2 |  2.0
Fighting       | |  1.7
Throwing       | |  1.7
Dodging        | |  2.6

Action                   |  1- 3 |  4- 6 |  7- 9 | 10-12 || total
-------------------------+-------+-------+-------+-------++-------
Melee: Long sword        |    31 |       |       |       ||    31
       Dagger            |   100 |   155 |   390 |       ||   645
       Scimitar          |       |       |    76 |    16 ||    92
Throw: Throwing net      |       |       |     4 |       ||     4
Evoke: Wand              |       |       |     5 |       ||     5
  Use: Scroll            |       |     3 |     4 |       ||     7
       Potion            |       |     3 |     8 |       ||    11
 Stab: Sleeping          |     6 |     8 |    11 |       ||    25
       Held in net/web   |       |       |     4 |       ||     4
       Distracted        |       |       |     3 |       ||     3
  Eat: Chunk             |     2 |     6 |    25 |       ||    33
       Fruit             |       |       |     2 |       ||     2
       Pizza             |       |       |     1 |       ||     1
Armor: Leather armour    |    26 |    35 |   133 |     2 ||   196
Dodge: Dodged            |    66 |    64 |   221 |    11 ||   362
